 Dungeon Crawl Stone Soup version 0.29.0-13-gc9e81de378 (webtiles) character file.

Game seed: 514507761486723235

100 smilodon the Trooper (level 4, -4/37 HPs)
             Began as a Demonspawn Fighter on Sept 9, 2022.
             Slain by an iguana (10 damage)
             ... on level 3 of the Dungeon.
             The game lasted 00:04:17 (2418 turns).

smilodon the Trooper (Demonspawn Fighter)           Turns: 2418, Time: 00:04:18

Health: -4/37      AC:  5    Str: 14 (17) XL:     4   Next: 47%
Magic:  6/6        EV: 10    Int:  8 (11) God:
Gold:   103        SH:  5    Dex:  9 (10) Spells: 2/5 levels left

rFire   . . .      SeeInvis .   a - +0 trident
rCold   . . .      Faith    .   c - +1 buckler
rNeg    . . .      Spirit   .   j - +0 ring mail
rPois   .          Reflect  .   (no helmet)
rElec   .          Harm     .   i - scarf {repulsion}
rCorr   .          Rampage  .   (no gloves)
Will    .....      Clarity  +   (no boots)
Stlth   ..........              (no amulet)
HPRegen 0.12/turn               (no ring)
MPRegen 0.20/turn               (no ring)

@: repel missiles
A: magic regeneration, big brain 1, clarity, clumsy 1, dopey 1
a: no special abilities


You were on level 3 of the Dungeon.
You visited 1 branch of the dungeon, and saw 3 of its levels.

You collected 103 gold pieces.

Inventory:

Hand Weapons
 a - a +0 trident (weapon)
Armour
 b - a +0 scale mail
 c - a +1 buckler (worn)
 i - a scarf of repulsion (worn)
 j - a +0 ring mail (worn)
Scrolls
 e - a scroll of poison
 f - a scroll of identify


   Skills:
 + Level 3.7 Fighting
 + Level 2.6 Polearms
 - Level 2.8 Armour
 + Level 1.3 Dodging
 - Level 2.8 Shields
 + Level 1.4 Spellcasting
 + Level 0.0 Hexes


You had 2 spell levels left.
You knew the following spells:

 Your Spells              Type           Power      Damage    Failure   Level
a - Confusing Touch       Hex            0%         N/A       96%         3

Your spell library contained the following spells:

 Spells                   Type           Power      Damage    Failure   Level
 Yara's Violent Unravell  Hex/Tmut       0%         3d3       100%        5
 Enfeeble                 Hex            0%         N/A       100%        7


Dungeon Overview and Level Annotations

Branches:
Dungeon (3/15)

Altars:

Shops:
D:1 (

Annotations:
D:2 1 runed translucent door, Crazy Yiuf


Innate Abilities, Weirdness & Mutations

You regenerate magic rapidly.
You have an unusually large brain. (Int +2)
You possess an exceptional clarity of mind.
You are clumsy. (Dex -2)
You are dopey. (Int -2)


Message History

An iguana is nearby!
Okay, then.
You barely miss the iguana.
The iguana is moderately wounded.
The iguana bites you. The iguana bites you!
* * * LOW HITPOINT WARNING * * *
Unknown command.
Unknown command.
Okay, then.
It was a potion of degeneration.
There was something very wrong with that liquid.
You feel weakened.
You feel dopey.
You feel clumsy. The iguana barely misses you.
It was a potion of heal wounds.
You feel much better. The iguana completely misses you.
You closely miss the iguana.
The iguana is moderately wounded.
You block the iguana's attack.
You barely miss the iguana.
The iguana is moderately wounded.
The iguana bites you!
You aren't carrying any potions.
Unknown command.
The air fills with toxic fumes!
As you read the scroll labelled JENTOUTTAOG, it crumbles to dust.
It was a scroll of poison.
The iguana barely misses you.
As you read the scroll labelled ZIUGUH ILUV, it crumbles to dust.
It is a scroll of amnesia.
Really abort (and waste the scroll)?
Okay, then.
The iguana bites you.
You aren't carrying any potions.
You hit the iguana.
The iguana is severely wounded.
The iguana bites you!
* * * LOW HITPOINT WARNING * * *
You hit the iguana but do no damage.
The iguana is severely wounded.
The iguana bites you!
You die...

#######.# #.# #.#
#.# #.# #.# #.#
##########§######
§§§§§§l@§§§§§§§.#
#################


You could see an iguana.

Vanquished Creatures
  Terence (D:2)
  2 adders (D:2)
  A gnoll (D:1)
  A dart slug (D:1)
  5 bats
  4 endoplasms (D:1)
  A giant cockroach (D:1)
  2 goblins (D:1)
  2 hobgoblins (D:1)
  8 jackals
  3 kobolds
  3 quokkas
  2 ball pythons (D:2)
  3 frilled lizards
  7 rats
45 creatures vanquished.

Notes
Turn   | Place    | Note
-------+----------+-------------------------------------------
     0 | D:1      | smilodon the Demonspawn Fighter began the quest for the
                  | Orb.
     0 | D:1      | Reached XP level 1. HP: 18/18 MP: 1/1
   126 | D:1      | You fall into a shaft and drop 1 floor!
   181 | D:1      | Gained mutation: You regenerate magic rapidly. [demonic
                  | ancestry]
   181 | D:1      | Reached XP level 2. HP: 22/24 MP: 2/2
   593 | D:1      | Found Agreagh's Weapon Emporium.
  1004 | D:1      | HP: 1/24 [gnoll/+0 whip (7)]
  1006 | D:1      | Gained mutation: You are clumsy. (Dex -2) [potion of
                  | mutation]
  1006 | D:1      | Gained mutation: You are dopey. (Int -2) [potion of
                  | mutation]
  1006 | D:1      | Gained mutation: You possess an exceptional clarity of
                  | mind. [potion of mutation]
  1019 | D:1      | Gained mutation: You have an unusually large brain. (Int
                  | +2) [demonic ancestry]
  1019 | D:1      | Reached XP level 3. HP: 17/29 MP: 2/4
  1299 | D:2      | Reached skill level 1 in Spellcasting
  1421 | D:2      | Reached skill level 1 in Dodging
  1861 | D:2      | Noticed Terence
  1886 | D:2      | Killed Terence
  1887 | D:2      | Reached XP level 4. HP: 15/37 MP: 4/6
  2087 | D:2      | Learned a level 3 spell: Confusing Touch
  2318 | D:2      | Found a runed translucent door.
  2319 | D:2      | Noticed Crazy Yiuf
  2418 | D:3      | Slain by an iguana

Illustrated notes

Levels and vault maps discovered:
D:1:      minmay_arrival_split_and_join, layout_loops_ring, serial_shops,
          nicolae_shop_statue_plus
D:2:      layout_rooms, uniq_crazy_yiuf_cottage, uniq_terence
D:3:      layout_basic, hellmonk_ecumenical_altar_inner_sanctum,
          skrybe_limestone_x, dreamdust_princess_corridor

Skill      XL: |  1  2  3 |
---------------+----------+-----
Polearms       | 2 |  2.6
Spellcasting   | 1 |  1.4
Dodging        | 1 |  1.3
Fighting       | |  3.7
Armour         | |  2.8
Shields        | |  2.8

Action                   |  1- 3 |  4- 6 || total
-------------------------+-------+-------++-------
Melee: Trident           |   136 |    25 ||   161
  Use: Potion            |     5 |     2 ||     7
       Scroll            |     2 |     2 ||     4
Armor: Scale mail        |    52 |     3 ||    55
       Ring mail         |       |     1 ||     1
Dodge: Dodged            |    53 |     8 ||    61
Block: Buckler           |    31 |     3 ||    34
